 Dungeon Crawl Stone Soup version 0.19.0-24-gb05acd6 (console) character file.

3569 Kloppie the Fighter (level 9, -13/78 HPs)
             Began as a Demonspawn Berserker on Nov 22, 2016.
             Was an Elder of Trog.
             Mangled by an orc knight
             ... wielding a +0 battleaxe
              (18 damage)
             ... on level 10 of the Dungeon.
             The game lasted 00:10:56 (6854 turns).

Kloppie the Fighter (Demonspawn Berserker)          Turns: 6854, Time: 00:10:57

Health: -13/78     AC: 15    Str: 17    XL:     9   Next: 84%
Magic:  9/9        EV:  6    Int:  9    God:    Trog [****..]
Gold:   253        SH:  0    Dex: 16    Spells: 0 memorised, 8 levels left

rFire  . . .     SeeInvis .       - Unarmed
rCold  . . .     Gourm    .     j - +0 plate armour
rNeg   . . .     Faith    .     (no shield)
rPois  .         Spirit   .     (helmet restricted)
rElec  .         Reflect  .     c - +0 cloak
rCorr  +         Harm     .     (no gloves)
MR     ++...                    f - +0 pair of boots
Stlth  ..........               m - amulet of regeneration
                                (no ring)
                                p - ring of resist corrosion

@: exhausted, very slightly contaminated, regenerating, hasted and slowed
A: antennae 2, beak, claws 1, talons 2, demonic guardian 1
a: Berserk, Trog's Hand, Brothers in Arms, Burn Spellbooks, Renounce Religion


You were on level 10 of the Dungeon.
You worshipped Trog.
Trog was greatly pleased with you.
You were near starving.

You visited 1 branch of the dungeon, and saw 8 of its levels.
You also visited: Ossuary.

You collected 253 gold pieces.

Inventory:

Armour
 c - a +0 cloak (worn)
 d - a +0 large shield
 f - a +0 pair of boots (worn)
 j - a +0 plate armour (worn)
Jewellery
 m - an amulet of regeneration (around neck)
 p - a ring of resist corrosion (left claw)
 r - an uncursed ring of flight {unknown}
Wands
 x - a wand of random effects (48/48)
 y - a wand of enslavement (9/24)
Scrolls
 e - a scroll of fear {unknown}
 u - a scroll of remove curse
 v - 3 scrolls of enchant weapon
Potions
 b - 2 potions of magic
 g - a potion of haste
 i - 3 potions of might {unknown}
 k - a potion of invisibility {unknown}
 l - 3 potions of degeneration {unknown}
 n - 5 potions of curing {unknown}
 o - 2 potions of flight {unknown}
 q - a potion of mutation {unknown}
 w - 3 potions of brilliance {unknown}
 z - a potion of cure mutation {unknown}
Comestibles
 a - 3 meat rations
 h - 3 chunks of flesh
 s - 6 fruits
 t - 3 bread rations


   Skills:
 + Level 10.0 Fighting
   Level 3.1 Axes
 + Level 7.3 Armour
 - Level 1.7 Dodging
 - Level 6.0 Unarmed Combat


You had 8 spell levels left.
You didn't know any spells.

Dungeon Overview and Level Annotations

Branches:
Dungeon (10/15)            Temple (0/1) D:6
   Lair: D:8-11         Orc: D:9-12

Altars:
Fedhas
Hepliaklqana

Shops:
D:5 [


Innate Abilities, Weirdness & Mutations

You have a pair of antennae on your head.
You have sharp fingernails.
You have razor-sharp toenails.
A weak demonic guardian rushes to your aid.
You have a beak for a mouth.


Message History

The orc knight barely misses you.
You feel yourself speed up.
The orc knight hits you with a battleaxe!
* * * LOW HITPOINT WARNING * * *
You are very lightly contaminated with residual magic.
You scratch the orc knight. Your peck misses the orc knight.
The orc knight is heavily wounded.
The orc knight hits you with a battleaxe!
* * * LOW HITPOINT WARNING * * *
You scratch the orc knight but do no damage.
The orc knight is heavily wounded.
You claw the orc knight!
The orc knight is severely wounded.
The orc knight hits you with a battleaxe.
* * * LOW HITPOINT WARNING * * *
The orc knight hits your iron imp with a battleaxe!
You scratch the orc knight but do no damage.
The orc knight is severely wounded.
The orc knight hits you with a battleaxe!!
You die...

.#........######.................
#.........#############..........
......................####'##....
#############...............#....
#....#...............#....
#...#...............#....
#...#..##.....##....#.###
#...#..##.....##....#.#
#.['.5o@.....##....#.#
#..#.+##...........#..
#.#.#...#...........#
..##.#...#...........# ....
.##...#...........# ### #
#...#.......... #.#.#.....##....
#.#.#.....# #.#.#


You could see an orc knight and a friendly iron imp.

Vanquished Creatures
  An unseen horror (D:10)
  Pikel (D:6)
  A tengu conjurer (D:10)
  A hippogriff (D:5)
  The ghost of Kloppie the Chopper, an amateur DsBe of Trog (D:3)
  Menkaure (D:5)
  An ice beast (D:5)
  2 elf zombies (Ossuary)
  A scorpion (D:3)
  8 killer bees
  2 centaur zombies (Ossuary)
  A bullfrog zombie (D:5)
  3 crimson imps
  4 jellies
  A bullfrog skeleton (D:5)
  7 hounds
  A human zombie (Ossuary)
  Crazy Yiuf (D:5)
  A centaur skeleton (D:5)
  3 orc priests
  5 orc wizards
  Natasha (thrice) (D:4)
  4 worker ants
  Terence (D:3)
  2 big kobold zombies (Ossuary)
  2 mummies (Ossuary)
  A worker ant zombie (D:4)
  10 adders
  A howler monkey skeleton (D:5)
  2 shadow imps
  2 oozes
  An adder zombie (Ossuary)
  A worm (D:3)
  3 dart slugs
  8 leopard geckos
  19 orcs
  5 giant cockroaches
  7 goblins
  3 hobgoblins
  7 jackals
  2 quokkas (D:6)
  2 ball pythons
  8 bats
  6 frilled lizards
  6 hobgoblin zombies (Ossuary)
  A jackal zombie (Ossuary)
  10 kobolds
  8 kobold zombies (Ossuary)
  12 orc zombies (Ossuary)
  9 rats
193 creatures vanquished.

Vanquished Creatures (collateral kills)
  An orc wizard (D:5)
  An adder zombie (Ossuary)
  An orc (D:3)
  A bat (D:3)
  A hobgoblin zombie (Ossuary)
  A kobold (D:3)
6 creatures vanquished.

Vanquished Creatures (others)
  2 orcs (D:6)
2 creatures vanquished.

Grand Total: 201 creatures vanquished

Notes
Turn   | Place    | Note
-------+----------+-------------------------------------------
     0 | D:1      | Kloppie the Demonspawn Berserker began the quest for the Orb.
     0 | D:1      | Reached XP level 1. HP: 18/18 MP: 1/1
    27 | D:1      | Gained mutation: You have sharp toenails. [demonic ancestry]
    27 | D:1      | Reached XP level 2. HP: 24/24 MP: 2/2
   826 | D:1      | Reached skill level 1 in Unarmed Combat
  1155 | D:2      | Reached XP level 3. HP: 29/29 MP: 3/3
  1412 | D:2      | Reached ** piety under Trog
  1685 | D:2      | Found a hazy altar of Hepliaklqana.
  2261 | D:3      | Noticed Terence
  2280 | D:3      | Gained mutation: You have sharp fingernails. [demonic ancestry]
  2280 | D:3      | Reached XP level 4. HP: 27/37 MP: 4/4
  2284 | D:3      | Killed Terence
  2460 | D:3      | Reached skill level 4 in Fighting
  2621 | D:3      | Gained mutation: A weak demonic guardian rushes to your aid. [demonic ancestry]
  2621 | D:3      | Reached XP level 5. HP: 42/42 MP: 5/5
  2967 | D:3      | Noticed Kloppie's ghost (amateur DsBe)
  2999 | D:3      | Killed Kloppie's ghost
  2999 | D:3      | Reached XP level 6. HP: 46/50 MP: 6/6
  3090 | D:3      | Reached *** piety under Trog
  3314 | D:3      | Reached skill level 5 in Fighting
  3659 | D:4      | Found a sand-covered staircase.
  3668 | Ossuary  | Entered an ossuary
  3762 | Ossuary  | Gained mutation: You have a pair of small antennae on your head. [demonic ancestry]
  3762 | Ossuary  | Reached XP level 7. HP: 35/56 MP: 7/7
  3763 | Ossuary  | Reached skill level 5 in Unarmed Combat
  3777 | Ossuary  | Reached **** piety under Trog
  4075 | D:4      | Reached skill level 6 in Fighting
  4131 | D:4      | Noticed Natasha
  4135 | D:4      | Killed Natasha
  4172 | D:4      | Noticed Natasha
  4178 | D:4      | Killed Natasha
  4317 | D:4      | Noticed Natasha
  4329 | D:4      | Killed Natasha
  4352 | D:5      | Entered Level 5 of the Dungeon
  4549 | D:5      | Noticed Menkaure
  4571 | D:5      | Killed Menkaure
  4571 | D:5      | Gained mutation: You have razor-sharp toenails. [demonic ancestry]
  4571 | D:5      | Reached XP level 8. HP: 11/65 MP: 8/8
  4820 | D:5      | Noticed a hippogriff
  4830 | D:5      | Killed a hippogriff
  4830 | D:5      | Reached skill level 7 in Fighting
  4919 | D:5      | HP: 1/67 [orc priest/nerve-wracking pain (5)]
  5017 | D:5      | Found a blossoming altar of Fedhas.
  5037 | D:5      | Found Gesseraq's Antique Armour Emporium.
  5394 | D:5      | Found a runed door.
  5514 | D:5      | Noticed Crazy Yiuf
  5518 | D:5      | Killed Crazy Yiuf
  5663 | D:6      | Gained mutation: You have a beak for a mouth. [potion of beneficial mutation]
  5988 | D:6      | Noticed Pikel
  6000 | D:6      | Killed Pikel
  6000 | D:6      | Reached skill level 8 in Fighting
  6000 | D:6      | Reached skill level 5 in Armour
  6000 | D:6      | Gained mutation: You have a pair of antennae on your head. [demonic ancestry]
  6000 | D:6      | Reached XP level 9. HP: 72/75 MP: 9/9
  6067 | D:6      | Found a staircase to the Ecumenical Temple.
  6212 | D:6      | You fall through a shaft for 3 floors!
  6230 | D:10     | Entered Level 10 of the Dungeon
  6347 | D:10     | Reached skill level 9 in Fighting
  6618 | D:10     | Killed an unseen horror
  6822 | D:10     | Noticed a tengu conjurer
  6828 | D:10     | Noticed an orc knight
  6835 | D:10     | Killed a tengu conjurer
  6835 | D:10     | Reached skill level 10 in Fighting
  6854 | D:10     | Mangled by an orc knight

Skill      XL: |  1  2  3  4  5  6  7  8  9 |
---------------+----------------------------+-----
Axes           | 3 |  3.1
Unarmed Combat | 1 2 4 6 |  6.0
Fighting       | 4 5 6 8 10 | 10.0
Armour         | 2 5 7 |  7.3
Dodging        | |  1.7

Action                   |  1- 3 |  4- 6 |  7- 9 || total
-------------------------+-------+-------+-------++-------
Melee: Hand axe          |     7 |       |       ||     7
       Unarmed           |   214 |   210 |   399 ||   823
       Kick              |     3 |       |       ||     3
       Punch             |     1 |     4 |     7 ||    12
       Peck              |       |       |    37 ||    37
Invok: Berserk           |     5 |     5 |     5 ||    15
       Trog's Hand       |       |     2 |     3 ||     5
  Use: Scroll            |       |     1 |    10 ||    11
       Potion            |       |       |     3 ||     3
 Stab: Distracted        |       |       |     2 ||     2
  Eat: Chunk             |     8 |    10 |    12 ||    30
       Bread ration      |       |       |     1 ||     1
Armor: Animal skin       |     2 |       |       ||     2
       Ring mail         |   109 |    60 |    39 ||   208
       Plate armour      |       |       |   177 ||   177
Dodge: Dodged            |   181 |    99 |   140 ||   420
